 Dungeon Crawl Stone Soup version 0.32-a0-699-g1ee5eff69a (webtiles) character file.

Game seed: 9006027749299274022

3 Aldia the Changeling (level 1, -2/15 HPs)
             Began as a Merfolk Shapeshifter on Mar 13, 2024.
             Slain by a gnoll
             ... wielding a +0 spear
              (7 damage)
             ... on level 1 of the Dungeon.
             The game lasted 00:00:17 (64 turns).

Aldia the Changeling (Merfolk Shapeshifter)           Turns: 64, Time: 00:00:17

Health: -2/15      AC:  2    Str: 14    XL:     1   Next: 50%
Magic:  1/1        EV: 11    Int:  9    God:
Gold:   7          SH:  0    Dex: 13    Spells: 0/0 levels left

rFire   . .          .
                       - Unarmed
rCold   . . .        (no shield)
rNeg    . . .        a - +0 animal skin
rPois   .            (helmet currently unavailable)
rElec   .            (cloak currently unavailable)
rCorr   .            (gloves currently unavailable)
SInv    .            (boots currently unavailable)
Will    .....        (no amulet)
Stlth   +            (no ring)
HPRegen 0.22/turn    (no ring)
MPRegen 0.07/turn

%: no passive effects
@: beast-form
A: beast (slay +2), (nimble swimmer 2), mertail
a: Begin Untransformation


You were on level 1 of the Dungeon.
You were a hulking beast.
You visited 1 branch of the dungeon, and saw 1 of its levels.

You collected 7 gold pieces.

Inventory:

Armour
 a - a +0 animal skin (worn)
Talismans
 c - a beast talisman (active)
 d - a flux talisman
Potions
 b - a potion of lignification
 e - a potion of heal wounds {unknown}


   Skills:
 + Level 1.2 Fighting
 + Level 2.8 Dodging
 + Level 3.3 Unarmed Combat
 * Level 4.1 Shapeshifting


You couldn't memorise any spells.
You didn't know any spells.
Your spell library was empty.

Dungeon Overview and Level Annotations

Branches:
Dungeon (1/15)

Altars:


Innate Abilities, Weirdness & Mutations

You are a hulking beast.
Your limbs bulge with bestial killing power. (Slay +2)
((You are very nimble when in or above water. (Stealth+, EV+, Speed+++)))
Your lower body shifts to a powerful aquatic tail in water.


Message History

HP restored.
A bat comes into view.
The bat barely misses you. The bat hits you but does no damage.
You hit the bat.
You kill the bat!
No target in view!
No target in view!
You see here a bat corpse.
A gnoll and a kobold come into view.
The kobold throws a stone.
The stone barely misses you.
There are monsters nearby!
The kobold hits you with a +0 whip.
You punch the kobold!
You kill the kobold!
Found a stone staircase leading down.
The gnoll shouts!
You hear a shout!
The gnoll misses you.
A goblin comes into view.
It is wielding a +1 dagger of electrocution.
Things that are here:
a +0 whip; 3 stones; a kobold corpse The gnoll hits you with a +0 spear.
A kobold comes into view. It is wielding a +0 short sword.
The kobold shouts!
You hit the gnoll.
The gnoll is moderately wounded.
The gnoll misses you.
You closely miss the gnoll.
The gnoll is moderately wounded.
The gnoll closely misses you.
You barely miss the gnoll.
The gnoll is moderately wounded.
The gnoll closely misses you.
You hit the gnoll.
The gnoll is heavily wounded.
The gnoll hits you with a +0 spear.
You hit the gnoll.
The gnoll is almost dead.
The gnoll hits you with a +0 spear!
You die...

# #..... #.#.>.. ##
.#.... #. ..... #.##
#..K# #..# #...# ##.####
#.gg##### #......
####..h#...### #).####
........)# #..####..####
.........# #...†....#...
.........###..###...#.##
#####...#...### #..~~~≈≈
#...##### #..~ß~~≈ #...#
#.#~~ß~~ #...# #..≈~~##
#... ...≈≈~#.


You could see a gnoll, a goblin and a kobold.

Vanquished Creatures
  An endoplasm (D:1)
  A kobold (D:1)
  A bat (D:1)
3 creatures vanquished.

Notes
Turn   | Place    | Note
-------+----------+-------------------------------------------
     0 | D:1      | Aldia the Merfolk Shapeshifter began the quest for the Orb.
     0 | D:1      | Reached XP level 1. HP: 15/15 MP: 1/1
    64 | D:1      | Slain by a gnoll

Illustrated notes

Levels and vault maps discovered:
D:1:      lightli_arrival_boilingwater, layout_loops_cross, amethyst_killhole,
          nicolae_nh_oracle_at_delphi

Action                     || total
---------------------------++-------
  Melee: Unarmed           ||    10
 Armour: Animal skin       ||     5
  Dodge: Dodged            ||     7

Table legend: (Time is in decaauts)
 A = Elapsed time spent in this place.
 B = Non-inter-level travel time spent in this place.
 C = Inter-level travel time spent in this place.
 D = Time resting spent in this place.
 E = Time spent auto-exploring this place.
 F = Levels seen in this place.
 G = Mean time per level.
                   A        B        C        D        E       F      G
               +--------+--------+--------+--------+--------+-----+--------+
         Total |     60 |     60 |      0 |      0 |     39 |   1 |   60.0 |
       Dungeon |     60 |     60 |      0 |      0 |     39 |   1 |   60.0 |
               +--------+--------+--------+--------+--------+-----+--------+

Top non-repeatable levels by time:
     D:1: 60 daAuts
